Workbook

Sheet Quadro Geral
A1: QUADRO GERAL
A2: 1.0 | B2: CUSTOS FIXOS
A3: Subitem | B3: EMPREGADO | G3: Quantidade de Posto (a) | H3: Vlr. Unitário por Empregado R$ (b) | I3: Quantidade de Empregado por Posto (c) | J3: Vlr. Mensal R$ (d= a x b x c) | K3: Vlr. Anual R$ (e= d x 12 meses)
A4: 1.1 | B4: Vigilante Patrimonial 12x36 - Diurno | G4: 1 | H4: ='Vigilante Patrimonial (Diurno)'!D102 -> 4751.5385 | I4: 2 | J4: =G4*H4*I4 -> 9503.077 | K4: =J4*12 -> 114036.92
A5: 1.2 | B5: Vigilante Patrimonial 12x36 - Noturno | G5: 1 | H5: ='Vigilante Patrimonial (Noturno)'!D104 -> 5740.565 | I5: 2 | J5: =G5*H5*I5 -> 11481.13 | K5: =J5*12 -> 137773.56
A6: 1.3 | B6: Agente de Portaria 44hrs Semanais | G6: 1 | H6: ='Agente de Portaria'!D94 -> 3309.31 | I6: 1 | J6: =G6*H6*I6 -> 3309.31 | K6: =J6*12 -> 39711.72
A7: Total Item 1.0 R$ → | G7: =SUM(G4:G6) -> 3 | H7: =SUM(H4:H6) -> 13801.413 | I7: =SUM(I4:I6) -> 5 | J7: =SUM(J4:J6) -> 24293.517 | K7: =SUM(K4:K6) -> 291522.2
A9: 2.0 | B9: CUSTO VARIÁVEL | J9: Vlr. Mensal R$ (a) | K9: Vlr. Anual R$ (b= a x 12 meses)
A10: 2.1 | B10: Horas Extras | J10: {='Horas Extras'!L12:L12} -> 86.507522 | K10: {='Horas Extras'!L11:L11} -> 1038.0903
A11: Total Item 2.0 R$ → | J11: =SUM(J10) -> 86.507522 | K11: =SUM(K10) -> 1038.0903
A13: TOTAL MENSAL (Item 1 + 2) R$ → | J13: =J7+J10 -> 24380.024
A14: TOTAL ANUAL (TOTAL MENSAL X 12 MESES) R$ → | J14: =J13*12 -> 292560.29

Sheet Vigilante Patrimonial (Diurno)
A1: PLANILHA ORÇAMENTÁRIA DE REFERÊNCIA DE FORMAÇÃO DE CUSTO DE MÃO DE OBRA
A2: Tipo de serviço: | B2: Vigilante Patrimonial 12x36 (Diurno) | G2: OBSERVAÇÃO
A3: CBO: | B3: 5173-30 | G3: REMUNERAÇÃO - Não serão aceitos valores de salário-base menores que os estabelecidos na planilha. Os demais valores são apenas estimativos e devem ser cotados de acordo com a Convenção Coletiva de Trabalho indicada e a legislação pertinente. INSUMOS - Os insumos foram calculados conforme Convenção Coletiva de Trabalho 2020/2022 firmada entre o Sindicato dos Empregados em Empresas de Vigilância e Segurança de Manaus e Sindicato das Empresas de Vigilância, Segurança, Transporte de Valores e Curso de Formação do Estado do Amazonas (Registro no MTE AM000070/2020, Vigência e Data Base - 01/02/2020 a 31/12/2022). LUCRO E DESPESAS INDIRETAS - Eventuais custos não previstos expressamente na memória de cálculo devem ser cobertos pelo LDI (Lucro e Despesas Indiretas). TRIBUTAÇÃO - A licitante deve elaborar sua proposta e, por conseguinte, sua planilha com base no regime de tributação ao qual estará submetida durante a execução do contrato.
A4: Unidade de medida: | B4: Posto
A5: Quantidade total a contratar (em função da unidade de medida): | B5: 1
A6: Convenção Coletiva de Trabalho/Acordo/ Dissídio Coletivo de Trabalho: | B6: CCT 2020/2022 - N.º Registro no MTE: AM000070/2020 - Data de Registro no MTE: 14/02/2020.
A10: MÃO DE OBRA VINCULADA À EXECUÇÃO CONTRATUAL
A11: I - COMPOSIÇÃO DA REMUNERAÇÃO (R$) | E11: FUNDAMENTO/METODOLOGIA | K11: INFORMAÇÕES COMPLEMENTARES
A12: Composição da Remuneração | C12: % | D12: Valor (R$)
A13: Salário Base | C13: - | D13: 1305 | E13: Cláusula Quarta, Parágrafo Primeiro, da CCT com Registro no MTE de AM000070/2020 - Data de Registro no MTE: 14/02/2020.
A14: Adicional de Periculosidade | C14: 30 | D14: =TRUNC(C14*D13/100,2) -> 391.5 | E14: Cláusula Sexagésima Oitava, da CCT com Registro no MTE de AM000070/2020 - Data de Registro no MTE: 14/02/2020.
A15: TOTAL DA REMUNERAÇÃO (R$) | D15: =SUM(D13:D14) -> 1696.5
A17: II - ENCARGOS SOCIAIS INCIDENTES SOBRE A REMUNERAÇÃO (R$) | E17: FUNDAMENTO/METODOLOGIA | K17: INFORMAÇÕES COMPLEMENTARES
A18: GRUPO A - ENCARGOS | C18: % | D18: Valor (R$)
A19: A.01 SEGURIDADE SOCIAL | C19: 20 | D19: =TRUNC($D$15*C19/100,2) -> 339.3 | E19: Art. 2°, § 3º, da Lei 11.457, de 16 de março de 2007.
A20: A.02 FGTS | C20: 8 | D20: =TRUNC($D$15*C20/100,2) -> 135.72 | E20: Art. 15, Lei nº 8.036/90 e Art. 7º, III, CF.
A21: A.03 SESI/SESC | C21: 1.5 | D21: =TRUNC($D$15*C21/100,2) -> 25.44 | E21: Art. 30, Lei 8.036, de 11 de maio de 1990.
A22: A.04 SENAI/SENAC | C22: 1 | D22: =TRUNC($D$15*C22/100,2) -> 16.96 | E22: Art. 1º, caput, Decreto-Lei 6.246, de 1944 (SENAI) e art. 4º, caput do Decreto-Lei 8.621, de 1946. (SENAC).
A23: A.05 INCRA | C23: 0.2 | D23: =TRUNC($D$15*C23/100,2) -> 3.39 | E23: Art. 1°, I, 2 c/c art. 3°, ambos do Decreto-Lei 1.146, de 31 de dezembro de 1970.
A24: A.06 SEBRAE | C24: 0.6 | D24: =TRUNC($D$15*C24/100,2) -> 10.17 | E24: Art. 8º, Lei 8.029, de 12 de abril de 1990.
A25: A.07 Salário Educação | C25: 2.5 | D25: =TRUNC($D$15*C25/100,2) -> 42.41 | E25: Art. 3º, Inciso I, Decreto 87.043, de 22 de março de 1982.
A26: A.08 Riscos Ambientais do Trabalho – RAT x FAP | C26: 6 | D26: =TRUNC($D$15*C26/100,2) -> 101.79 | E26: RAT: 3% (Atividades de vigilância – código 8011-1/01, do Anexo V do Decreto nº 3.048/1999) X FAP: 2,000 (Padrão);
A27: TOTAL - GRUPO A - ENCARGOS | C27: =SUM(C19:C26) -> 39.8 | D27: =SUM(D19:D26) -> 675.18
A29: GRUPO B | C29: % | D29: Valor (R$) | E29: FUNDAMENTO/METODOLOGIA | K29: INFORMAÇÕES COMPLEMENTARES
A30: B.01 13º Salário | C30: 8.333 | D30: =TRUNC($D$15*C30/100,2) -> 141.36 | E30: [(1/12)x100] = 8,333% - Art. 7º, VIII, CF/88 | K30: B.03 - Redução de 7 dias ou de 2h por dia para 100 % dos empregados. Percentual relativo a contrato de 12 (doze) meses. B.04 - De acordo com dados do MTPS, foram concedidos 1.462.463 benefícios de auxílio doença urbano no ano de 2013 em uma população de contribuintes para o INSS de 54.796.761 pessoas (http://www.mtps.gov.br/dados-abertos/dados-da-previdencia/previdencia-social-e- INSS/boletim-estatístico-da-previdência-social-beps). B.05 - Estimativa de 1 licença de 15 dias por ano para 1,22% dos empregados. Esta taxa foi obtida pela proporção de acidentes de trabalho registrados, 717.911, conforme dados do Anuário Estatístico da Previdência Social – AEPS/2013, em relação a 58.981.000 de trabalhadores que fazem jus a emissão da CAT (trabalhadores com carteira assinada, outros tipos de trabalhadores e domésticas), conforme dados da PNAD 2013. B.06 - Estimativa de 1,4947 ausências por ano, de acordo com a IN 2/2008-MPOG. B.07 - Estimativa de 1,416% (taxa de natalidade da população brasileira/IBGE) de empregadas usufruindo 4 meses de licença por ano. B.08 - Estimativa de 1,416% (taxa de natalidade da população brasileira/IBGE) dos empregados usufruindo 5 dias da licença por ano.
A31: B.02 Férias (sem o abono de 1/3) | C31: 8.333 | D31: =TRUNC($D$15*C31/100,2) -> 141.36 | E31: [(1/12]x100] = 8,333% - Art. 7º, XVII, CF/88
A32: B.03 Aviso Prévio Trabalhado | C32: 1.944 | D32: =TRUNC($D$15*C32/100,2) -> 32.97 | E32: [(100% / 30) x 7] / 12 = 1,944% - Art. 7º, XXI, CF/88, 477, 487 e ss. da CLT
A33: B.04 Auxílio Doença | C33: 0.222 | D33: =TRUNC($D$15*C33/100,2) -> 3.76 | E33: (Benefícios de auxílio doença urbano/ População Economicamente Ativa Ocupada) / 12 = 0,222% - Art. 59 e ss. Da Lei nº 8.213/91
A34: B.05 Acidente de Trabalho | C34: 0.051 | D34: =TRUNC($D$15*C34/100,2) -> 0.86 | E34: {[(100% /30) x 15] / 12} x (nºCAT/População INSS CAT) = 0,051% - Art. 19 a 23 da Lei nº 8.213/91
A35: B.06 Faltas Legais | C35: 0.415 | D35: =TRUNC($D$15*C35/100,2) -> 7.04 | E35: [(100% / 30) x 1,4947] / 12 = 0,415% - Art. 473 da CLT
A36: B.07 Férias sobre Licença Maternidade | C36: 0.039 | D36: =TRUNC($D$15*C36/100,2) -> 0.66 | E36: [(8,333% x 1,416% x 4/12) x 100] = 0,039% - Impacto do item férias sobre a licença maternidade
A37: B.08 Licença Paternidade | C37: 0.02 | D37: =TRUNC($D$15*C37/100,2) -> 0.33 | E37: {[(100% /30) x 5] / 12} x 1,416% = 0,020% - Art. 7º, XIX, CF/88 e 10, §1º, da ADCT
A38: TOTAL - GRUPO B | C38: =SUM(C30:C37) -> 19.357 | D38: =SUM(D30:D37) -> 328.34
A40: GRUPO C | C40: % | D40: Valor (R$) | E40: FUNDAMENTO/METODOLOGIA | K40: INFORMAÇÕES COMPLEMENTARES
A41: C.01 Aviso Prévio Indenizado | C41: 0.417 | D41: =TRUNC($D$15*C41/100,2) -> 7.07 | E41: {[0,05x(1/12)]x100} = 0,417% - Art. 7º, XXI, CF/88, 477, 487 e ss. CLT | K41: C.01 - Estimativa de que 5% (cinco por cento) dos empregados serão substituídos durante um ano. C.02 - Estimativa de que 3,4275% dos empregados receberão indenização de acordo com a média nacional de 12 meses (abril 2015 - março 2016) da Taxa de Rotatividade por Nível Geográfico - M.T.E./CAGED. C.03 - Multa de 40% do FGTS em relação aos trabalhadores contratados. Obs.: Esta extinguida a cobrança da contribuição social de 10% devida pelos empregadores em caso de despedida sem justa causa, conforme Lei Federal n.º 13.932/2019.
A42: C.02 Indenização Adicional | C42: 0.286 | D42: =TRUNC($D$15*C42/100,2) -> 4.85 | E42: [1/12 x 3,4275%] = 0,286% - Art. 9º da Lei nº 7.238, de 1984
A43: C.03 Indenização (rescisão sem justa causa – multa de 40% do FGTS) | C43: 3.2 | D43: =TRUNC($D$15*C43/100,2) -> 54.28 | E43: (1x0,40x0,08x100) = 3,200% - Art. 18, §1º da Lei 8.036/90
A44: C.04 Abono de Férias - 1/3 constitucional | C44: 2.778 | D44: =TRUNC($D$15*C44/100,2) -> 47.12 | E44: [(1/3)/12x100] = 2,778% - Art. 7º, XVII, CF/88
A45: C.05 Abono de Férias - 1/3 constitucional sobre licença maternidade | C45: 0.013 | D45: =TRUNC($D$15*C45/100,2) -> 0.22 | E45: {[(1/3)/12]x0,02x(4/12) x100]} = 0,013% - Art. 7º, XVII, CF/88
A46: TOTAL - GRUPO C | C46: =SUM(C41:C45) -> 6.694 | D46: =SUM(D41:D45) -> 113.54
A48: GRUPO D | C48: % | D48: Valor (R$) | E48: FUNDAMENTO/METODOLOGIA
A49: D.01 Incidência dos encargos do grupo A sobre o grupo B | C49: =ROUND((C27/100)*(C38/100)*100,3) -> 7.704 | D49: =TRUNC($D$15*C49/100,2) -> 130.69 | E49: D.01 = 0,3980 x 0,19357 x 100 = 7,704%
A50: TOTAL - GRUPO D | C50: =SUM(C49) -> 7.704 | D50: =SUM(D49) -> 130.69
A52: GRUPO E | C52: % | D52: Valor (R$) | E52: FUNDAMENTO/METODOLOGIA | K52: INFORMAÇÕES COMPLEMENTARES
A53: E.01 Incidência do FGTS sobre o aviso prévio indenizado | C53: 0.033 | D53: =TRUNC($D$15*C53/100,2) -> 0.55 | E53: A.02 x C.01 = (0,08x0,00417)x100 0,033% - Súmula nº 305 do TST | K53: E.02 - Estimativa de que 8% (oito por cento) dos empregados sofrem acidentes durante o ano, com ausência média de 30 dias durante o ano. O percentual do FGTS (8%) será aplicado somente sobre os 15 dias restantes do afastamento, porque os 15 primeiros dias já foram calculados no item B.05.
A54: E.02 Incidência do FGTS sobre o período médio de afastamento superior a 15 dias motivado por acidente do trabalho | C54: 0.004 | D54: =TRUNC($D$15*C54/100,2) -> 0.06 | E54: A.02 x B.05 (0,08x0,0051)x100 0,0004% - Lei 8.036, de 1990, art. 15, §5º
A55: E.03 Incidência de FGTS sobre férias 1/3 constitucional | C55: 0.222 | D55: =TRUNC($D$15*C55/100,2) -> 3.76 | E55: A.02 x C.04 (0,08x0,02778)x100 0,222% - Lei 8.036, de 1990, art. 15, §5º
A56: TOTAL - GRUPO E | C56: =SUM(C53:C55) -> 0.259 | D56: =SUM(D53:D55) -> 4.37
A58: GRUPO F | C58: % | D58: Valor (R$) | E58: FUNDAMENTO/METODOLOGIA
A59: F.01 Incidência dos encargos do Grupo A sobre os valores constantes da base de cálculo referente ao salário maternidade | C59: =ROUND((C27/100)*(4/12)*(2/100)*100,3) -> 0.265 | D59: =TRUNC($D$15*C59/100,2) -> 4.49 | E59: F.01 = (Encargos Grupo A) x (Remuneração) x 4/12 x 2%, em que: Encargos do Grupo A = 0,3980; 4/12 = período de 4 meses de licença em um ano; 2% = Estimativa de que 2% dos empregados usufruirão da licença maternidade de 4 meses em um ano. F.01 = 0,39800x(4/12)x(2/100)x100 = 0,265%
A60: TOTAL - GRUPO F | C60: =SUM(C59) -> 0.265 | D60: =SUM(D59) -> 4.49
A61: TOTAL - ENCARGOS SOCIAIS (R$) | C61: =C27+C38+C46+C50+C56+C60 -> 74.079 | D61: =D27+D38+D46+D50+D56+D60 -> 1256.61
A63: VALOR TOTAL DE REMUNERAÇÃO + ENCARGOS SOCIAIS (R$) | D63: =D15+D61 -> 2953.11
A65: III - INSUMOS | E65: FUNDAMENTO/METODOLOGIA | K65: INFORMAÇÕES COMPLEMENTARES
A66: Insumos | D66: Valor (R$)
A67: Vale Refeição | D67: =24*15 -> 360 | E67: Vale refeição: O valor do vale refeição foi calculado de acordo com a convenção coletiva de trabalho firmada entre os sindicatos das categorias profissionais e econômicas envolvidas na prestação dos serviços ora licitados. Vale refeição = valor diário x 15 Onde: O valor diário é R$ 24,00, conforme Cláusula Décima Oitava, da CCT com Registro no MTE de AM000070/2020 - Data de Registro no MTE: 14/02/2020. O 15 é o número médio de dias efetivamente trabalhado pelos empregados no mês.
A68: Desconto sobre o vale refeição (máximo 5% do vale refeição) | D68: =(D67*5%)*-1 -> -18 | E68: Dedução legal do vale refeição: O valor da dedução do vale refeição está de acordo com a Cláusula Décima Oitava, Parágrafo Terceiro, da CCT com Registro no MTE de AM000070/2020 - Data de Registro no MTE: 14/02/2020 (desconto máximo de 5% do Vale Refeição).
A69: Vale transporte | D69: =3.8*2*15 -> 114 | E69: O vale transporte foi baseado no preço da passagem praticada na cidade de Manaus-AM (R$ 3,80), considerando o trajeto de ida e volta residência/Coren-AM. Vale transporte = VTx2x15
A70: Desconto legal sobre transporte (máximo 6% do salário-base) | D70: =(($D$13*6%)*-1) -> -78.3 | E70: Dedução legal do vale transporte: O valor da dedução do vale transporte está de acordo com o art. 4º, parágrafo único da Lei 7.418, de 16 de dezembro de 1985 e Cláusula Décima Nona, Parágrafo Terceiro, da CCT com Registro no MTE de AM000070/2020 (desconto máximo de 6% do salário-base).
A71: Plano de Saúde | D71: 104.3 | E71: O valor do plano de saúde foi baseado com base na Cláusula Vigésima, Parágrafo Sexto da CCT com Registro no MTE de AM000070/2020 - Data de Registro no MTE: 14/02/2020.
A72: Desconto legal sobre plano de saúde (máximo R$ 1,00 do plano) | D72: -1 | E72: Dedução legal do plano de saúde: O valor da dedução do plano de saúde está de acordo com a Cláusula Décima Vigésima, Parágrafo Terceiro, da CCT com Registro no MTE de AM000070/2020 (desconto máximo de R$ 1,00).
A73: Uniforme | D73: ='Uniforme Vigilante'!H32:H32 -> 82.270833 | E73: Conforme planilha de Uniforme Vigilante
A74: Manutenção, depreciação de equipamentos e munição | D74: ='Manut. Depre. Munição Vigilante'!J21:J21 -> 42.854181 | E74: Conforme planilha de Manutenção, Depreciação e Munição Vigilante
A75: TOTAL - INSUMOS (R$) | D75: =SUM(D67:D74) -> 606.12501
A77: TOTAL DE REMUNERAÇÃO + ENCARGOS SOCIAIS + INSUMOS (R$) | D77: =D63+D75 -> 3559.235
A79: IV - INTRAJORNADA | E79: FUNDAMENTO/METODOLOGIA | K79: INFORMAÇÕES COMPLEMENTARES
A80: Intrajornada | D80: Valor (R$)
A81: Intrajornada | D81: =TRUNC((D13+D14)/192*1.5*15,2) -> 198.8 | E81: {[(Salário + Adc. Periculosidade) / 192] x 1,50} x 15 dias - Cláusula Quadragésima Nona e Cláusula Quinquagésima Terceira, Parágrafo Primeiro, da CCT com Registro no MTE de AM000070/2020 - Data de Registro no MTE: 14/02/2020. | K81: Observação: A licitante deve preencher o item intrajornada com o valor do custo por ela apurado, para a substituição do profissional durante o intervalo intrajornada.
A82: TOTAL - INTRAJORNADA (R$) | D82: =D81 -> 198.8
A84: TOTAL DE REMUNERAÇÃO + ENCARGOS SOCIAIS + INSUMOS + INTRAJORNADA (R$) | D84: =D77+D82 -> 3758.035
A86: V - LDI E TRIBUTAÇÃO | E86: FUNDAMENTO/METODOLOGIA | K86: INFORMAÇÕES COMPLEMENTARES
A87: LUCRO E DESPESAS INDIRETAS (LDI) | C87: % | D87: Valor (R$)
A88: Despesas Administrativas/Operacionais | C88: 5 | D88: =$D$84*C88% -> 187.90175 | E88: Lucro e Despesas Indiretas – LDI: Para fins de estimativa da CONTRATANTE, em Lucro e Despesas Indiretas - LDI, foram consideradas as despesas administrativas e operacionais (5%) e a margem de lucro (10%).
A89: Lucro | C89: 10 | D89: =(D84+D88)*C89% -> 394.59368
A90: TOTAL - LUCRO E DESPESAS INDIRETAS | C90: =SUM(C88:C89) -> 15 | D90: =SUM(D88:D89) -> 582.49543
A92: TOTAL DE REMUNERAÇÃO + ENCARGOS SOCIAIS + INSUMOS + INTRAJORNADA + LDI (R$) | D92: =D84+D90 -> 4340.5304
A94: BASE DE CÁLCULO PARA TRIBUTO | C94: =(-1+(SUM(C97:C99)/100))*(-1) -> 0.9135 | D94: =D92/C94 -> 4751.5385
A96: TRIBUTAÇÃO SOBRE FATURAMENTO | C96: % | D96: Valor (R$) | E96: FUNDAMENTO/METODOLOGIA | K96: INFORMAÇÕES COMPLEMENTARES
A97: ISS | C97: 5 | D97: =$D$94*C97% -> 237.57693 | E97: Os tributos (ISS, COFINS e PIS) foram definidos utilizando o regime de tributação de Lucro PRESUMIDO.
A98: COFINS | C98: 3 | D98: =$D$94*C98% -> 142.54616
A99: PIS | C99: 0.65 | D99: =$D$94*C99% -> 30.885
A100: TOTAL - TRIBUTAÇÃO SOBRE FATURAMENTO | C100: =SUM(C97:C99) -> 8.65 | D100: =SUM(D97:D99) -> 411.00808
A102: PREÇO MENSAL PARA 1 (UM) EMPREGADO (R$) | D102: =D84+D90+D100 -> 4751.5385
A103: PREÇO MENSAL PARA 1 (UM) POSTO COM 2 (DOIS) EMPREGADOS (R$) - PREÇO MENSAL X 2 EMPREGADOS | D103: =D102*2 -> 9503.077
A104: PREÇO ANUAL PARA 1 (UM) POSTO (R$) - PREÇO MENSAL X 12 MESES | D104: =D103*12 -> 114036.92

Sheet Vigilante Patrimonial (Noturno)
A1: PLANILHA ORÇAMENTÁRIA DE REFERÊNCIA DE FORMAÇÃO DE CUSTO DE MÃO DE OBRA
A2: Tipo de serviço: | B2: Vigilante Patrimonial 12x36 (Noturno) | G2: OBSERVAÇÃO
A3: CBO: | B3: 5173-30 | G3: REMUNERAÇÃO - Não serão aceitos valores de salário-base menores que os estabelecidos na planilha. Os demais valores são apenas estimativos e devem ser cotados de acordo com a Convenção Coletiva de Trabalho indicada e a legislação pertinente. INSUMOS - Os insumos foram calculados conforme Convenção Coletiva de Trabalho 2020/2022 firmada entre o Sindicato dos Empregados em Empresas de Vigilância e Segurança de Manaus e Sindicato das Empresas de Vigilância, Segurança, Transporte de Valores e Curso de Formação do Estado do Amazonas (Registro no MTE AM000070/2020, Vigência e Data Base - 01/02/2020 a 31/12/2022). LUCRO E DESPESAS INDIRETAS - Eventuais custos não previstos expressamente na memória de cálculo devem ser cobertos pelo LDI (Lucro e Despesas Indiretas). TRIBUTAÇÃO - A licitante deve elaborar sua proposta e, por conseguinte, sua planilha com base no regime de tributação ao qual estará submetida durante a execução do contrato.
A4: Unidade de medida: | B4: Posto
A5: Quantidade total a contratar (em função da unidade de medida): | B5: 1
A6: Convenção Coletiva de Trabalho/Acordo/ Dissídio Coletivo de Trabalho: | B6: CCT 2020/2022 - N.º Registro no MTE: AM000070/2020 - Data de Registro no MTE: 14/02/2020.
A10: MÃO DE OBRA VINCULADA À EXECUÇÃO CONTRATUAL
A11: I - COMPOSIÇÃO DA REMUNERAÇÃO (R$) | E11: FUNDAMENTO/METODOLOGIA | K11: INFORMAÇÕES COMPLEMENTARES
A12: Composição da Remuneração | C12: % | D12: Valor (R$)
A13: Salário Base | C13: - | D13: 1305 | E13: Cláusula Quarta, Parágrafo Primeiro, da CCT com Registro no MTE de AM000070/2020 - Data de Registro no MTE: 14/02/2020.
A14: Adicional de Periculosidade | C14: 30 | D14: =TRUNC(C14*D13/100,2) -> 391.5 | E14: Cláusula Sexagésima Oitava, da CCT com Registro no MTE de AM000070/2020 - Data de Registro no MTE: 14/02/2020.
A15: Adicional Noturno | C15: - | D15: =TRUNC((8*(7*4.286)*(((D13+D14)/192)*20%))/2,2) -> 212.07 | E15: Valor do Adicional Noturno (mensal) = {[8h x (7 dias x 4,286 semanas por mês) x Adicional Noturno por Hora] / 2}, Onde: 2 = número de vigilantes. Adicional Noturno (por hora) = {[(Salário Base + Adicional de Periculosidade) / 192 h] x (20%)} Cláusula Quinquagésima Terceira, Parágrafo Primeiro e Parágrafo Terceiro da CCT com Registro no MTE de AM000070/2020 - Data de Registro no MTE: 14/02/2020.
A16: Hora Noturna Reduzida | C16: - | D16: =TRUNC((D13+D14+D15)/192*1.5*15) -> 223 | E16: {[(Salário + Adc. Periculosidade + Adc. Noturno) / 192] x 1,50} x 15 dias - Cláusula Quinquagésima Terceira, Parágrafo Primeiro e Parágrafo Segundo da CCT com Registro no MTE de AM000070/2020 - Data de Registro no MTE: 14/02/2020.
A17: TOTAL DA REMUNERAÇÃO (R$) | D17: =SUM(D13:D16) -> 2131.57
A19: II - ENCARGOS SOCIAIS INCIDENTES SOBRE A REMUNERAÇÃO (R$) | E19: FUNDAMENTO/METODOLOGIA
A20: GRUPO A - ENCARGOS | C20: % | D20: Valor (R$)
A21: A.01 SEGURIDADE SOCIAL | C21: 20 | D21: =TRUNC($D$17*C21/100,2) -> 426.31 | E21: Art. 2°, § 3º, da Lei 11.457, de 16 de março de 2007.
A22: A.02 FGTS | C22: 8 | D22: =TRUNC($D$17*C22/100,2) -> 170.52 | E22: Art. 15, Lei nº 8.036/90 e Art. 7º, III, CF.
A23: A.03 SESI/SESC | C23: 1.5 | D23: =TRUNC($D$17*C23/100,2) -> 31.97 | E23: Art. 30, Lei 8.036, de 11 de maio de 1990.
A24: A.04 SENAI/SENAC | C24: 1 | D24: =TRUNC($D$17*C24/100,2) -> 21.31 | E24: Art. 1º, caput, Decreto-Lei 6.246, de 1944 (SENAI) e art. 4º, caput do Decreto-Lei 8.621, de 1946. (SENAC).
A25: A.05 INCRA | C25: 0.2 | D25: =TRUNC($D$17*C25/100,2) -> 4.26 | E25: Art. 1°, I, 2 c/c art. 3°, ambos do Decreto-Lei 1.146, de 31 de dezembro de 1970.
A26: A.06 SEBRAE | C26: 0.6 | D26: =TRUNC($D$17*C26/100,2) -> 12.78 | E26: Art. 8º, Lei 8.029, de 12 de abril de 1990.
A27: A.07 Salário Educação | C27: 2.5 | D27: =TRUNC($D$17*C27/100,2) -> 53.28 | E27: Art. 3º, Inciso I, Decreto 87.043, de 22 de março de 1982.
A28: A.08 Riscos Ambientais do Trabalho – RAT x FAP | C28: 6 | D28: =TRUNC($D$17*C28/100,2) -> 127.89 | E28: RAT: 3% (Atividades de vigilância – código 8011-1/01, do Anexo V do Decreto nº 3.048/1999) X FAP: 2,000 (Padrão);
A29: TOTAL - GRUPO A - ENCARGOS | C29: =SUM(C21:C28) -> 39.8 | D29: =SUM(D21:D28) -> 848.32
A31: GRUPO B | C31: % | D31: Valor (R$) | E31: FUNDAMENTO/METODOLOGIA | K31: INFORMAÇÕES COMPLEMENTARES
A32: B.01 13º Salário | C32: 8.333 | D32: =TRUNC($D$17*C32/100,2) -> 177.62 | E32: [(1/12)x100] = 8,333% - Art. 7º, VIII, CF/88 | K32: B.03 - Redução de 7 dias ou de 2h por dia para 100 % dos empregados. Percentual relativo a contrato de 12 (doze) meses. B.04 - De acordo com dados do MTPS, foram concedidos 1.462.463 benefícios de auxílio doença urbano no ano de 2013 em uma população de contribuintes para o INSS de 54.796.761 pessoas (http://www.mtps.gov.br/dados-abertos/dados-da-previdencia/previdencia-social-e- INSS/boletim-estatístico-da-previdência-social-beps). B.05 - Estimativa de 1 licença de 15 dias por ano para 1,22% dos empregados. Esta taxa foi obtida pela proporção de acidentes de trabalho registrados, 717.911, conforme dados do Anuário Estatístico da Previdência Social – AEPS/2013, em relação a 58.981.000 de trabalhadores que fazem jus a emissão da CAT (trabalhadores com carteira assinada, outros tipos de trabalhadores e domésticas), conforme dados da PNAD 2013. B.06 - Estimativa de 1,4947 ausências por ano, de acordo com a IN 2/2008-MPOG. B.07 - Estimativa de 1,416% (taxa de natalidade da população brasileira/IBGE) de empregadas usufruindo 4 meses de licença por ano. B.08 - Estimativa de 1,416% (taxa de natalidade da população brasileira/IBGE) dos empregados usufruindo 5 dias da licença por ano.
A33: B.02 Férias (sem o abono de 1/3) | C33: 8.333 | D33: =TRUNC($D$17*C33/100,2) -> 177.62 | E33: [(1/12]x100] = 8,333% - Art. 7º, XVII, CF/88
A34: B.03 Aviso Prévio Trabalhado | C34: 1.944 | D34: =TRUNC($D$17*C34/100,2) -> 41.43 | E34: [(100% / 30) x 7] / 12 = 1,944% - Art. 7º, XXI, CF/88, 477, 487 e ss. da CLT
A35: B.04 Auxílio Doença | C35: 0.222 | D35: =TRUNC($D$17*C35/100,2) -> 4.73 | E35: (Benefícios de auxílio doença urbano/ População Economicamente Ativa Ocupada) / 12 = 0,222% - Art. 59 e ss. Da Lei nº 8.213/91
A36: B.05 Acidente de Trabalho | C36: 0.051 | D36: =TRUNC($D$17*C36/100,2) -> 1.08 | E36: {[(100% /30) x 15] / 12} x (nºCAT/População INSS CAT) = 0,051% - Art. 19 a 23 da Lei nº 8.213/91
A37: B.06 Faltas Legais | C37: 0.415 | D37: =TRUNC($D$17*C37/100,2) -> 8.84 | E37: [(100% / 30) x 1,4947] / 12 = 0,415% - Art. 473 da CLT
A38: B.07 Férias sobre Licença Maternidade | C38: 0.039 | D38: =TRUNC($D$17*C38/100,2) -> 0.83 | E38: [(8,333% x 1,416% x 4/12) x 100] = 0,039% - Impacto do item férias sobre a licença maternidade
A39: B.08 Licença Paternidade | C39: 0.02 | D39: =TRUNC($D$17*C39/100,2) -> 0.42 | E39: {[(100% /30) x 5] / 12} x 1,416% = 0,020% - Art. 7º, XIX, CF/88 e 10, §1º, da ADCT
A40: TOTAL - GRUPO B | C40: =SUM(C32:C39) -> 19.357 | D40: =SUM(D32:D39) -> 412.57
A42: GRUPO C | C42: % | D42: Valor (R$) | E42: FUNDAMENTO/METODOLOGIA | K42: INFORMAÇÕES COMPLEMENTARES
A43: C.01 Aviso Prévio Indenizado | C43: 0.417 | D43: =TRUNC($D$17*C43/100,2) -> 8.88 | E43: {[0,05x(1/12)]x100} = 0,417% - Art. 7º, XXI, CF/88, 477, 487 e ss. CLT | K43: C.01 - Estimativa de que 5% (cinco por cento) dos empregados serão substituídos durante um ano. C.02 - Estimativa de que 3,4275% dos empregados receberão indenização de acordo com a média nacional de 12 meses (abril 2015 - março 2016) da Taxa de Rotatividade por Nível Geográfico - M.T.E./CAGED. C.03 - Multa de 40% do FGTS em relação aos trabalhadores contratados. Obs.: Esta extinguida a cobrança da contribuição social de 10% devida pelos empregadores em caso de despedida sem justa causa, conforme Lei Federal n.º 13.932/2019.
A44: C.02 Indenização Adicional | C44: 0.286 | D44: =TRUNC($D$17*C44/100,2) -> 6.09 | E44: [1/12 x 3,4275%] = 0,286% - Art. 9º da Lei nº 7.238, de 1984
A45: C.03 Indenização (rescisão sem justa causa – multa de 40% do FGTS) | C45: 3.2 | D45: =TRUNC($D$17*C45/100,2) -> 68.21 | E45: (1x0,40x0,08x100) = 3,200% - Art. 18, §1º da Lei 8.036/90
A46: C.04 Abono de Férias - 1/3 constitucional | C46: 2.778 | D46: =TRUNC($D$17*C46/100,2) -> 59.21 | E46: [(1/3)/12x100] = 2,778% - Art. 7º, XVII, CF/88
A47: C.05 Abono de Férias - 1/3 constitucional sobre licença maternidade | C47: 0.013 | D47: =TRUNC($D$17*C47/100,2) -> 0.27 | E47: {[(1/3)/12]x0,02x(4/12) x100]} = 0,013% - Art. 7º, XVII, CF/88
A48: TOTAL - GRUPO C | C48: =SUM(C43:C47) -> 6.694 | D48: =SUM(D43:D47) -> 142.66
A50: GRUPO D | C50: % | D50: Valor (R$) | E50: FUNDAMENTO/METODOLOGIA
A51: D.01 Incidência dos encargos do grupo A sobre o grupo B | C51: =ROUND((C29/100)*(C40/100)*100,3) -> 7.704 | D51: =TRUNC($D$17*C51/100,2) -> 164.21 | E51: D.01 = 0,3980 x 0,19357 x 100 = 7,704%
A52: TOTAL - GRUPO D | C52: =SUM(C51) -> 7.704 | D52: =SUM(D51) -> 164.21
A54: GRUPO E | C54: % | D54: Valor (R$) | E54: FUNDAMENTO/METODOLOGIA | K54: INFORMAÇÕES COMPLEMENTARES
A55: E.01 Incidência do FGTS sobre o aviso prévio indenizado | C55: 0.033 | D55: =TRUNC($D$17*C55/100,2) -> 0.7 | E55: A.02 x C.01 = (0,08x0,00417)x100 0,033% - Súmula nº 305 do TST | K55: E.02 - Estimativa de que 8% (oito por cento) dos empregados sofrem acidentes durante o ano, com ausência média de 30 dias durante o ano. O percentual do FGTS (8%) será aplicado somente sobre os 15 dias restantes do afastamento, porque os 15 primeiros dias já foram calculados no item B.05.
A56: E.02 Incidência do FGTS sobre o período médio de afastamento superior a 15 dias motivado por acidente do trabalho | C56: 0.004 | D56: =TRUNC($D$17*C56/100,2) -> 0.08 | E56: A.02 x B.05 (0,08x0,0051)x100 0,004% - Lei 8.036, de 1990, art. 15, §5º
A57: E.03 Incidência de FGTS sobre férias 1/3 constitucional | C57: 0.222 | D57: =TRUNC($D$17*C57/100,2) -> 4.73 | E57: A.02 x C.04 (0,08x0,02778)x100 0,222% - Lei 8.036, de 1990, art. 15, §5º
A58: TOTAL - GRUPO E | C58: =SUM(C55:C57) -> 0.259 | D58: =SUM(D55:D57) -> 5.51
A60: GRUPO F | C60: % | D60: Valor (R$) | E60: FUNDAMENTO/METODOLOGIA
A61: F.01 Incidência dos encargos do Grupo A sobre os valores constantes da base de cálculo referente ao salário maternidade | C61: =ROUND((C29/100)*(4/12)*(2/100)*100,3) -> 0.265 | D61: =TRUNC($D$17*C61/100,2) -> 5.64 | E61: F.01 = (Encargos Grupo A) x (Remuneração) x 4/12 x 2%, em que: Encargos do Grupo A = 0,3980; 4/12 = período de 4 meses de licença em um ano; 2% = Estimativa de que 2% dos empregados usufruirão da licença maternidade de 4 meses em um ano. F.01 = 0,39800x(4/12)x(2/100)x100 = 0,265%
A62: TOTAL - GRUPO F | C62: =SUM(C61) -> 0.265 | D62: =SUM(D61) -> 5.64
A63: TOTAL - ENCARGOS SOCIAIS (R$) | C63: =C29+C40+C48+C52+C58+C62 -> 74.079 | D63: =D29+D40+D48+D52+D58+D62 -> 1578.91
A65: VALOR TOTAL DE REMUNERAÇÃO + ENCARGOS SOCIAIS (R$) | D65: =D17+D63 -> 3710.48
A67: III - INSUMOS | E67: FUNDAMENTO/METODOLOGIA | K67: INFORMAÇÕES COMPLEMENTARES
A68: Insumos | D68: Valor (R$)
A69: Vale Refeição | D69: =24*15 -> 360 | E69: Vale refeição: O valor do vale refeição foi calculado de acordo com a convenção coletiva de trabalho firmada entre os sindicatos das categorias profissionais e econômicas envolvidas na prestação dos serviços ora licitados. Vale refeição = valor diário x 15 Onde: O valor diário é R$ 24,00, conforme Cláusula Décima Oitava, da CCT com Registro no MTE de AM000070/2020 - Data de Registro no MTE: 14/02/2020. O 15 é o número médio de dias efetivamente trabalhado pelos empregados no mês.
A70: Desconto sobre o vale refeição (máximo 5% do vale refeição) | D70: =(D69*5%)*-1 -> -18 | E70: Dedução legal do vale refeição: O valor da dedução do vale refeição está de acordo com a Cláusula Décima Oitava, Parágrafo Terceiro, da CCT com Registro no MTE de AM000070/2020 - Data de Registro no MTE: 14/02/2020 (desconto máximo de 5% do Vale Refeição).
A71: Vale transporte | D71: =3.8*2*15 -> 114 | E71: O vale transporte foi baseado no preço da passagem praticada na cidade de Manaus-AM (R$ 3,80), considerando o trajeto de ida e volta residência/Coren-AM. Vale transporte = VTx2x15
A72: Desconto legal sobre transporte (máximo 6% do salário-base) | D72: =(($D$13*6%)*-1) -> -78.3 | E72: Dedução legal do vale transporte: O valor da dedução do vale transporte está de acordo com o art. 4º, parágrafo único da Lei 7.418, de 16 de dezembro de 1985 e Cláusula Décima Nona, Parágrafo Terceiro, da CCT com Registro no MTE de AM000070/2020 (desconto máximo de 6% do salário-base).
A73: Plano de Saúde | D73: 104.3 | E73: O valor do plano de saúde foi baseado com base na Cláusula Vigésima, Parágrafo Sexto da CCT com Registro no MTE de AM000070/2020 - Data de Registro no MTE: 14/02/2020.
A74: Desconto legal sobre plano de saúde (máximo R$ 1,00 do plano) | D74: -1 | E74: Dedução legal do plano de saúde: O valor da dedução do plano de saúde está de acordo com a Cláusula Décima Vigésima, Parágrafo Terceiro, da CCT com Registro no MTE de AM000070/2020 (desconto máximo de R$ 1,00).
A75: Uniforme | D75: ='Uniforme Vigilante'!H32:H32 -> 82.270833 | E75: Conforme planilha de Uniforme Vigilante
A76: Manutenção, depreciação de equipamentos e munição | D76: ='Manut. Depre. Munição Vigilante'!J21:J21 -> 42.854181 | E76: Conforme planilha de Manutenção, Depreciação e Munição Vigilante
A77: TOTAL - INSUMOS (R$) | D77: =SUM(D69:D76) -> 606.12501
A79: TOTAL DE REMUNERAÇÃO + ENCARGOS SOCIAIS + INSUMOS (R$) | D79: =D65+D77 -> 4316.605
A81: IV - INTRAJORNADA | E81: FUNDAMENTO/METODOLOGIA | K81: INFORMAÇÕES COMPLEMENTARES
A82: Intrajornada | D82: Valor (R$)
A83: Intrajornada | D83: =TRUNC((D13+D14+D15)/192*1.5*15,2) -> 223.66 | E83: {[(Salário + Adc. Periculosidade + Adc. Noturno) / 192] x 1,50} x 15 dias - Cláusula Quadragésima Nona e Cláusula Quinquagésima Terceira, Parágrafo Primeiro, da CCT com Registro no MTE de AM000070/2020 - Data de Registro no MTE: 14/02/2020. | K83: Observação: A licitante deve preencher o item intrajornada com o valor do custo por ela apurado, para a substituição do profissional durante o intervalo intrajornada.
A84: TOTAL - INTRAJORNADA (R$) | D84: =D83 -> 223.66
A86: TOTAL DE REMUNERAÇÃO + ENCARGOS SOCIAIS + INSUMOS + INTRAJORNADA (R$) | D86: =D79+D84 -> 4540.265
A88: V - LDI E TRIBUTAÇÃO | E88: FUNDAMENTO/METODOLOGIA | K88: INFORMAÇÕES COMPLEMENTARES
A89: LUCRO E DESPESAS INDIRETAS (LDI) | C89: % | D89: Valor (R$)
A90: Despesas Administrativas/Operacionais | C90: 5 | D90: =$D$86*C90% -> 227.01325 | E90: Lucro e Despesas Indiretas – LDI: Para fins de estimativa da CONTRATANTE, em Lucro e Despesas Indiretas - LDI, foram consideradas as despesas administrativas e operacionais (5%) e a margem de lucro (10%).
A91: Lucro | C91: 10 | D91: =(D86+D90)*C91% -> 476.72783
A92: TOTAL - LUCRO E DESPESAS INDIRETAS | C92: =SUM(C90:C91) -> 15 | D92: =SUM(D90:D91) -> 703.74108
A94: TOTAL DE REMUNERAÇÃO + ENCARGOS SOCIAIS + INSUMOS + INTRAJORNADA + LDI (R$) | D94: =D86+D92 -> 5244.0061
A96: BASE DE CÁLCULO PARA TRIBUTO | C96: =(-1+(SUM(C99:C101)/100))*(-1) -> 0.9135 | D96: =D94/C96 -> 5740.565
A98: TRIBUTAÇÃO SOBRE FATURAMENTO | C98: % | D98: Valor (R$) | E98: FUNDAMENTO/METODOLOGIA | K98: INFORMAÇÕES COMPLEMENTARES
A99: ISS | C99: 5 | D99: =$D$96*C99% -> 287.02825 | E99: Os tributos (ISS, COFINS e PIS) foram definidos utilizando o regime de tributação de Lucro PRESUMIDO.
A100: COFINS | C100: 3 | D100: =$D$96*C100% -> 172.21695
A101: PIS | C101: 0.65 | D101: =$D$96*C101% -> 37.313672
A102: TOTAL - TRIBUTAÇÃO SOBRE FATURAMENTO | C102: =SUM(C99:C101) -> 8.65 | D102: =SUM(D99:D101) -> 496.55887
A104: PREÇO MENSAL PARA 1 (UM) EMPREGADO (R$) | D104: =D86+D92+D102 -> 5740.565
A105: PREÇO MENSAL PARA 1 (UM) POSTO COM 2 (DOIS) EMPREGADOS (R$) - PREÇO MENSAL X 2 EMPREGADOS | D105: =D104*2 -> 11481.13
A106: PREÇO ANUAL PARA 1 (UM) POSTO (R$) - PREÇO MENSAL X 12 MESES | D106: =D105*12 -> 137773.56

Sheet Agente de Portaria
A1: PLANILHA ORÇAMENTÁRIA DE REFERÊNCIA DE FORMAÇÃO DE CUSTO DE MÃO DE OBRA
A2: Tipo de serviço: | B2: Agente de Portaria 44hrs Semanais | G2: OBSERVAÇÃO
A3: CBO: | B3: 5174-15 | G3: REMUNERAÇÃO - Não serão aceitos valores de salário-base menores que os estabelecidos na planilha. Os demais valores são apenas estimativos e devem ser cotados de acordo com a Convenção Coletiva de Trabalho indicada e a legislação pertinente. INSUMOS - Os insumos foram calculados conforme Convenção Coletiva de Trabalho 2020/2021 firmada entre o Sindicato das Empresas de Vigilância, Segurança, Transporte de Valores e Curso de Formação do Estado do Amazonas e Fed Nac de Trabalhadores em Edif e Condomínios (Registro no MTE AM000147/2020, Vigência e Data Base - 01/02/2020 a 31/01/2021). LUCRO E DESPESAS INDIRETAS - Eventuais custos não previstos expressamente na memória de cálculo devem ser cobertos pelo LDI (Lucro e Despesas Indiretas). TRIBUTAÇÃO - A licitante deve elaborar sua proposta e, por conseguinte, sua planilha com base no regime de tributação ao qual estará submetida durante a execução do contrato.
A4: Unidade de medida: | B4: Posto
A5: Quantidade total a contratar (em função da unidade de medida): | B5: 1
A6: Convenção Coletiva de Trabalho/Acordo/ Dissídio Coletivo de Trabalho: | B6: CCT 2020/2021 - N.º Registro no MTE: AM000147/2020 - Data de Registro no MTE: 22/04/2020.
A10: MÃO DE OBRA VINCULADA À EXECUÇÃO CONTRATUAL
A11: I - COMPOSIÇÃO DA REMUNERAÇÃO (R$) | E11: FUNDAMENTO/METODOLOGIA | K11: INFORMAÇÕES COMPLEMENTARES
A12: Composição da Remuneração | C12: % | D12: Valor (R$)
A13: Salário Base | C13: - | D13: 1139.6 | E13: Cláusula Terceira, da CCT com Registro no MTE: AM000147/2020 - Data de Registro no MTE: 22/04/2020.
A14: Outros | D14: =C14*D13/100 -> 0 | E14: -
A15: TOTAL DA REMUNERAÇÃO (R$) | D15: =SUM(D13:D14) -> 1139.6
A17: II - ENCARGOS SOCIAIS INCIDENTES SOBRE A REMUNERAÇÃO (R$) | E17: FUNDAMENTO/METODOLOGIA
A18: GRUPO A - ENCARGOS | C18: % | D18: Valor (R$)
A19: A.01 SEGURIDADE SOCIAL | C19: 20 | D19: =TRUNC($D$15*C19/100,2) -> 227.92 | E19: Art. 2°, § 3º, da Lei 11.457, de 16 de março de 2007.
A20: A.02 FGTS | C20: 8 | D20: =TRUNC($D$15*C20/100,2) -> 91.16 | E20: Art. 15, Lei nº 8.036/90 e Art. 7º, III, CF.
A21: A.03 SESI/SESC | C21: 1.5 | D21: =TRUNC($D$15*C21/100,2) -> 17.09 | E21: Art. 30, Lei 8.036, de 11 de maio de 1990.
A22: A.04 SENAI/SENAC | C22: 1 | D22: =TRUNC($D$15*C22/100,2) -> 11.39 | E22: Art. 1º, caput, Decreto-Lei 6.246, de 1944 (SENAI) e art. 4º, caput do Decreto-Lei 8.621, de 1946. (SENAC).
A23: A.05 INCRA | C23: 0.2 | D23: =TRUNC($D$15*C23/100,2) -> 2.27 | E23: Art. 1°, I, 2 c/c art. 3°, ambos do Decreto-Lei 1.146, de 31 de dezembro de 1970.
A24: A.06 SEBRAE | C24: 0.6 | D24: =TRUNC($D$15*C24/100,2) -> 6.83 | E24: Art. 8º, Lei 8.029, de 12 de abril de 1990.
A25: A.07 Salário Educação | C25: 2.5 | D25: =TRUNC($D$15*C25/100,2) -> 28.49 | E25: Art. 3º, Inciso I, Decreto 87.043, de 22 de março de 1982.
A26: A.08 Riscos Ambientais do Trabalho – RAT x FAP | C26: 6 | D26: =TRUNC($D$15*C26/100,2) -> 68.37 | E26: RAT: 3% (Serviços combinados para apoio a edifícios – código 8111-7/00, do Anexo V do Decreto nº 3.048/1999) X FAP: 2,000 (Padrão);
A27: TOTAL - GRUPO A - ENCARGOS | C27: =SUM(C19:C26) -> 39.8 | D27: =SUM(D19:D26) -> 453.52
A29: GRUPO B | C29: % | D29: Valor (R$) | E29: FUNDAMENTO/METODOLOGIA | K29: INFORMAÇÕES COMPLEMENTARES
A30: B.01 13º Salário | C30: 8.333 | D30: =TRUNC($D$15*C30/100,2) -> 94.96 | E30: [(1/12)x100] = 8,333% - Art. 7º, VIII, CF/88 | K30: B.03 - Redução de 7 dias ou de 2h por dia para 100 % dos empregados. Percentual relativo a contrato de 12 (doze) meses. B.04 - De acordo com dados do MTPS, foram concedidos 1.462.463 benefícios de auxílio doença urbano no ano de 2013 em uma população de contribuintes para o INSS de 54.796.761 pessoas (http://www.mtps.gov.br/dados-abertos/dados-da-previdencia/previdencia-social-e- INSS/boletim-estatístico-da-previdência-social-beps). B.05 - Estimativa de 1 licença de 15 dias por ano para 1,22% dos empregados. Esta taxa foi obtida pela proporção de acidentes de trabalho registrados, 717.911, conforme dados do Anuário Estatístico da Previdência Social – AEPS/2013, em relação a 58.981.000 de trabalhadores que fazem jus a emissão da CAT (trabalhadores com carteira assinada, outros tipos de trabalhadores e domésticas), conforme dados da PNAD 2013. B.06 - Estimativa de 1,4947 ausências por ano, de acordo com a IN 2/2008-MPOG. B.07 - Estimativa de 1,416% (taxa de natalidade da população brasileira/IBGE) de empregadas usufruindo 4 meses de licença por ano. B.08 - Estimativa de 1,416% (taxa de natalidade da população brasileira/IBGE) dos empregados usufruindo 5 dias da licença por ano.
A31: B.02 Férias (sem o abono de 1/3) | C31: 8.333 | D31: =TRUNC($D$15*C31/100,2) -> 94.96 | E31: [(1/12]x100] = 8,333% - Art. 7º, XVII, CF/88
A32: B.03 Aviso Prévio Trabalhado | C32: 1.944 | D32: =TRUNC($D$15*C32/100,2) -> 22.15 | E32: [(100% / 30) x 7] / 12 = 1,944% - Art. 7º, XXI, CF/88, 477, 487 e ss. da CLT
A33: B.04 Auxílio Doença | C33: 0.222 | D33: =TRUNC($D$15*C33/100,2) -> 2.52 | E33: (Benefícios de auxílio doença urbano/ População Economicamente Ativa Ocupada) / 12 = 0,222% - Art. 59 e ss. Da Lei nº 8.213/91
A34: B.05 Acidente de Trabalho | C34: 0.051 | D34: =TRUNC($D$15*C34/100,2) -> 0.58 | E34: {[(100% /30) x 15] / 12} x (nºCAT/População INSS CAT) = 0,051% - Art. 19 a 23 da Lei nº 8.213/91
A35: B.06 Faltas Legais | C35: 0.415 | D35: =TRUNC($D$15*C35/100,2) -> 4.72 | E35: [(100% / 30) x 1,4947] / 12 = 0,415% - Art. 473 da CLT
A36: B.07 Férias sobre Licença Maternidade | C36: 0.039 | D36: =TRUNC($D$15*C36/100,2) -> 0.44 | E36: [(8,333% x 1,416% x 4/12) x 100] = 0,039% - Impacto do item férias sobre a licença maternidade
A37: B.08 Licença Paternidade | C37: 0.02 | D37: =TRUNC($D$15*C37/100,2) -> 0.22 | E37: {[(100% /30) x 5] / 12} x 1,416% = 0,020% - Art. 7º, XIX, CF/88 e 10, §1º, da ADCT
A38: TOTAL - GRUPO B | C38: =SUM(C30:C37) -> 19.357 | D38: =SUM(D30:D37) -> 220.55
A40: GRUPO C | C40: % | D40: Valor (R$) | E40: FUNDAMENTO/METODOLOGIA | K40: INFORMAÇÕES COMPLEMENTARES
A41: C.01 Aviso Prévio Indenizado | C41: 0.417 | D41: =TRUNC($D$15*C41/100,2) -> 4.75 | E41: {[0,05x(1/12)]x100} = 0,417% - Art. 7º, XXI, CF/88, 477, 487 e ss. CLT | K41: C.01 - Estimativa de que 5% (cinco por cento) dos empregados serão substituídos durante um ano. C.02 - Estimativa de que 3,4275% dos empregados receberão indenização de acordo com a média nacional de 12 meses (abril 2015 - março 2016) da Taxa de Rotatividade por Nível Geográfico - M.T.E./CAGED. C.03 - Multa de 40% do FGTS em relação aos trabalhadores contratados. Obs.: Esta extinguida a cobrança da contribuição social de 10% devida pelos empregadores em caso de despedida sem justa causa, conforme Lei Federal n.º 13.932/2019.
A42: C.02 Indenização Adicional | C42: 0.286 | D42: =TRUNC($D$15*C42/100,2) -> 3.25 | E42: [1/12 x 3,4275%] = 0,286% - Art. 9º da Lei nº 7.238, de 1984
A43: C.03 Indenização (rescisão sem justa causa – multa de 40% do FGTS) | C43: 3.2 | D43: =TRUNC($D$15*C43/100,2) -> 36.46 | E43: (1x0,40x0,08x100) = 3,200% - Art. 18, §1º da Lei 8.036/90
A44: C.04 Abono de Férias - 1/3 constitucional | C44: 2.778 | D44: =TRUNC($D$15*C44/100,2) -> 31.65 | E44: [(1/3)/12x100] = 2,778% - Art. 7º, XVII, CF/88
A45: C.05 Abono de Férias - 1/3 constitucional sobre licença maternidade | C45: 0.013 | D45: =TRUNC($D$15*C45/100,2) -> 0.14 | E45: {[(1/3)/12]x0,02x(4/12) x100]} = 0,013% - Art. 7º, XVII, CF/88
A46: TOTAL - GRUPO C | C46: =SUM(C41:C45) -> 6.694 | D46: =SUM(D41:D45) -> 76.25
A48: GRUPO D | C48: % | D48: Valor (R$) | E48: FUNDAMENTO/METODOLOGIA
A49: D.01 Incidência dos encargos do grupo A sobre o grupo B | C49: =ROUND((C27/100)*(C38/100)*100,3) -> 7.704 | D49: =TRUNC($D$15*C49/100,2) -> 87.79 | E49: D.01 = 0,3980 x 0,19357 x 100 = 7,704%
A50: TOTAL - GRUPO D | C50: =SUM(C49) -> 7.704 | D50: =SUM(D49) -> 87.79
A52: GRUPO E | C52: % | D52: Valor (R$) | E52: FUNDAMENTO/METODOLOGIA | K52: INFORMAÇÕES COMPLEMENTARES
A53: E.01 Incidência do FGTS sobre o aviso prévio indenizado | C53: 0.033 | D53: =TRUNC($D$15*C53/100,2) -> 0.37 | E53: A.02 x C.01 = (0,08x0,00417)x100 0,033% - Súmula nº 305 do TST | K53: E.02 - Estimativa de que 8% (oito por cento) dos empregados sofrem acidentes durante o ano, com ausência média de 30 dias durante o ano. O percentual do FGTS (8%) será aplicado somente sobre os 15 dias restantes do afastamento, porque os 15 primeiros dias já foram calculados no item B.05.
A54: E.02 Incidência do FGTS sobre o período médio de afastamento superior a 15 dias motivado por acidente do trabalho | C54: 0.004 | D54: =TRUNC($D$15*C54/100,2) -> 0.04 | E54: A.02 x B.05 (0,08x0,0051)x100 0,004% - Lei 8.036, de 1990, art. 15, §5º
A55: E.03 Incidência de FGTS sobre férias 1/3 constitucional | C55: 0.222 | D55: =TRUNC($D$15*C55/100,2) -> 2.52 | E55: A.02 x C.04 (0,08x0,02778)x100 0,222% - Lei 8.036, de 1990, art. 15, §5º
A56: TOTAL - GRUPO E | C56: =SUM(C53:C55) -> 0.259 | D56: =SUM(D53:D55) -> 2.93
A58: GRUPO F | C58: % | D58: Valor (R$) | E58: FUNDAMENTO/METODOLOGIA
A59: F.01 Incidência dos encargos do Grupo A sobre os valores constantes da base de cálculo referente ao salário maternidade | C59: =ROUND((C27/100)*(4/12)*(2/100)*100,3) -> 0.265 | D59: =TRUNC($D$15*C59/100,2) -> 3.01 | E59: F.01 = (Encargos Grupo A) x (Remuneração) x 4/12 x 2%, em que: Encargos do Grupo A = 0,3980; 4/12 = período de 4 meses de licença em um ano; 2% = Estimativa de que 2% dos empregados usufruirão da licença maternidade de 4 meses em um ano. F.01 = 0,39800x(4/12)x(2/100)x100 = 0,265%
A60: TOTAL - GRUPO F | C60: =SUM(C59) -> 0.265 | D60: =SUM(D59) -> 3.01
A61: TOTAL - ENCARGOS SOCIAIS (R$) | C61: =C27+C38+C46+C50+C56+C60 -> 74.079 | D61: =D27+D38+D46+D50+D56+D60 -> 844.05
A63: VALOR TOTAL DE REMUNERAÇÃO + ENCARGOS SOCIAIS (R$) | D63: =D15+D61 -> 1983.65
A65: III - INSUMOS | E65: FUNDAMENTO/METODOLOGIA | K65: INFORMAÇÕES COMPLEMENTARES
A66: Insumos | D66: Valor (R$)
A67: Vale Refeição | D67: =19*22 -> 418 | E67: Vale refeição: O valor do vale refeição foi calculado de acordo com a convenção coletiva de trabalho firmada entre os sindicatos das categorias profissionais e econômicas envolvidas na prestação dos serviços ora licitados. Vale refeição = valor diário x 22 Onde: O valor diário é R$ 19,00, conforme Cláusula Nona, da CCT com Registro no MTE: AM000147/2020 - Data de Registro no MTE: 22/04/2020. O 22 é o número médio de dias efetivamente trabalhado pelos empregados no mês.
A68: Desconto sobre o vale refeição (máximo 5% do vale refeição) | D68: =(D67*5%)*-1 -> -20.9 | E68: Dedução legal do vale refeição: O valor da dedução do vale refeição está de acordo com a Cláusula Nona, da CCT com Registro no MTE: AM000147/2020 - Data de Registro no MTE: 22/04/2020. (desconto máximo de 5% do Vale Refeição).
A69: Cesta Básica | D69: 100 | E69: Cláusula Oitava, da CCT com Registro no MTE: AM000147/2020 - Data de Registro no MTE: 22/04/2020.
A70: Vale transporte | D70: =3.8*2*22 -> 167.2 | E70: O vale transporte foi baseado no preço da passagem praticada na cidade de Manaus-AM (R$ 3,80), considerando o trajeto de ida e volta residência/Coren-AM. Vale transporte = VTx2x22
A71: Desconto legal sobre transporte (máximo 6% do salário-base) | D71: =(($D$13*6%)*-1) -> -68.376 | E71: Dedução legal do vale transporte: O valor da dedução do vale transporte está de acordo com o art. 4º, parágrafo único da Lei 7.418, de 16 de dezembro de 1985 e Cláusula Décima, da CCT com Registro no MTE: AM000147/2020 - Data de Registro no MTE: 22/04/2020. (desconto máximo de 6% do salário-base).
A72: Uniforme | D72: ='Uniforme Agente de Portaria'!H30:H30 -> 33.751667 | E72: Conforme planilha de Uniforme Agente de Portaria
A73: Manutenção, depreciação de equipamentos | D73: ='Manut. Depre. Agente Portaria'!J11:J11 -> 4.0376677 | E73: Conforme planilha de Manutenção, Depreciação Agente de Portaria
A74: TOTAL - INSUMOS (R$) | D74: =SUM(D67:D73) -> 633.71333
A76: TOTAL DE REMUNERAÇÃO + ENCARGOS SOCIAIS + INSUMOS (R$) | D76: =D63+D74 -> 2617.3633
A78: IV - LDI E TRIBUTAÇÃO | E78: FUNDAMENTO/METODOLOGIA | K78: INFORMAÇÕES COMPLEMENTARES
A79: LUCRO E DESPESAS INDIRETAS (LDI) | C79: % | D79: Valor (R$)
A80: Despesas Administrativas/Operacionais | C80: 5 | D80: =$D$76*C80% -> 130.86817 | E80: Lucro e Despesas Indiretas – LDI: Para fins de estimativa da CONTRATANTE, em Lucro e Despesas Indiretas - LDI, foram consideradas as despesas administrativas e operacionais (5%) e a margem de lucro (10%).
A81: Lucro | C81: 10 | D81: =(D76+D80)*C81% -> 274.82315
A82: TOTAL - LUCRO E DESPESAS INDIRETAS | C82: =SUM(C80:C81) -> 15 | D82: =SUM(D80:D81) -> 405.69132
A84: TOTAL DE REMUNERAÇÃO + ENCARGOS SOCIAIS + INSUMOS + LDI (R$) | D84: =D76+D82 -> 3023.0547
A86: BASE DE CÁLCULO PARA TRIBUTO | C86: =(-1+(SUM(C89:C91)/100))*(-1) -> 0.9135 | D86: =D84/C86 -> 3309.31
A88: TRIBUTAÇÃO SOBRE FATURAMENTO | C88: % | D88: Valor (R$) | E88: FUNDAMENTO/METODOLOGIA | K88: INFORMAÇÕES COMPLEMENTARES
A89: ISS | C89: 5 | D89: =$D$86*C89% -> 165.4655 | E89: Os tributos (ISS, COFINS e PIS) foram definidos utilizando o regime de tributação de Lucro PRESUMIDO. A licitante deve elaborar sua proposta e, por conseguinte, sua planilha com base no regime de tributação ao qual estará submetida durante a execução do contrato.
A90: COFINS | C90: 3 | D90: =$D$86*C90% -> 99.279299
A91: PIS | C91: 0.65 | D91: =$D$86*C91% -> 21.510515
A92: TOTAL - TRIBUTAÇÃO SOBRE FATURAMENTO | C92: =SUM(C89:C91) -> 8.65 | D92: =SUM(D89:D91) -> 286.25531
A94: PREÇO MENSAL PARA 1 (UM) EMPREGADO (R$) | D94: =D84+D92 -> 3309.31
A95: PREÇO ANUAL PARA 1 (UM) POSTO (R$) - PREÇO MENSAL X 12 MESES | D95: =D94*12 -> 39711.72

Sheet Uniforme Vigilante
A1: Vigilante Patrimonial 12x36 (Diurno/Noturno) - UNIFORME
A2: FEMININO
A3: Item | B3: Descrição | D3: Unidade de Medida | E3: Qtde. Anual (a) | F3: Valor Médio Unitário (R$) (b) | H3: Custo Total (R$) (c = a x b)
A4: 1 | B4: Jaqueta | D4: Und. | E4: 2 | F4: 58.05 | H4: =F4*E4 -> 116.1
A5: =A4+1 -> 2 | B5: Emblema da empresa e do COREN-AM | D5: Und. | E5: 2 | F5: 6.72 | H5: =F5*E5 -> 13.44
A6: =A5+1 -> 3 | B6: Calça | D6: Und. | E6: 4 | F6: 43.45 | H6: =F6*E6 -> 173.8
A7: =A6+1 -> 4 | B7: Camisa | D7: Und. | E7: 8 | F7: 50 | H7: =F7*E7 -> 400
A8: =A7+1 -> 5 | B8: Fiel duplo | D8: Und. | E8: 8 | F8: 9.18 | H8: =F8*E8 -> 73.44
A9: =A8+1 -> 6 | B9: Cinto | D9: Und. | E9: 2 | F9: 19.96 | H9: =F9*E9 -> 39.92
A10: =A9+1 -> 7 | B10: Meias | D10: Par | E10: 4 | F10: 5.87 | H10: =F10*E10 -> 23.48
A11: =A10+1 -> 8 | B11: Sapato | D11: Par | E11: 2 | F11: 52.56 | H11: =F11*E11 -> 105.12
A12: =A11+1 -> 9 | B12: Boné | D12: Und. | E12: 1 | F12: 5 | H12: =F12*E12 -> 5
A13: =A12+1 -> 10 | B13: Capa de chuva | D13: Und. | E13: 1 | F13: 18.2 | H13: =F13*E13 -> 18.2
A14: =A13+1 -> 11 | B14: Crachá | D14: Und. | E14: 1 | F14: 5.34 | H14: =F14*E14 -> 5.34
A15: Custo Global Feminino (R$) (∑ do Custo Total) → | H15: =SUM(H4:I14) -> 973.84
A16: Custo Mensal Feminino (R$) (Custo Global ÷ 12 meses) → | H16: =H15/12 -> 81.153333
A17: MASCULINO
A18: Item | B18: Descrição | D18: Unidade de Medida | E18: Qtde. Anual (a) | F18: Valor Médio Unitário (R$) (b) | H18: Custo Total (R$) (c = a x b)
A19: 1 | B19: Jaqueta | D19: Und. | E19: 2 | F19: 58.05 | H19: =F19*E19 -> 116.1
A20: =A19+1 -> 2 | B20: Emblema da empresa e do COREN-AM | D20: Und. | E20: 2 | F20: 6.72 | H20: =F20*E20 -> 13.44
A21: =A20+1 -> 3 | B21: Calça | D21: Und. | E21: 4 | F21: 43.45 | H21: =F21*E21 -> 173.8
A22: =A21+1 -> 4 | B22: Camisa | D22: Und. | E22: 8 | F22: 50 | H22: =F22*E22 -> 400
A23: =A22+1 -> 5 | B23: Fiel duplo | D23: Und. | E23: 8 | F23: 9.18 | H23: =F23*E23 -> 73.44
A24: =A23+1 -> 6 | B24: Cinto Masculino | D24: Und. | E24: 2 | F24: 19.96 | H24: =F24*E24 -> 39.92
A25: =A24+1 -> 7 | B25: Meias | D25: Par | E25: 4 | F25: 5.87 | H25: =F25*E25 -> 23.48
A26: =A25+1 -> 8 | B26: Sapato | D26: Par | E26: 2 | F26: 65.97 | H26: =F26*E26 -> 131.94
A27: =A26+1 -> 9 | B27: Boné | D27: Und. | E27: 1 | F27: 5 | H27: =F27*E27 -> 5
A28: =A27+1 -> 10 | B28: Capa de chuva | D28: Und. | E28: 1 | F28: 18.2 | H28: =F28*E28 -> 18.2
A29: =A28+1 -> 11 | B29: Crachá | D29: Und. | E29: 1 | F29: 5.34 | H29: =F29*E29 -> 5.34
A30: Custo Global Masculino (R$) (∑ do Custo Total) → | H30: =SUM(H19:I29) -> 1000.66
A31: Custo Mensal Masculino (R$) (Custo Global ÷ 12 meses) → | H31: =H30/12 -> 83.388333
A32: Custo Médio Masculino/Feminino (R$) [(Custo Mensal Fem. + Masc.) ÷ 2] → | H32: =(H16+H31)/2 -> 82.270833
A34: FONTE DO VALOR MÉDIO UNITÁRIO
A35: Pregão Eletrônico - PE n.º 005/2020 - Tribunal de Contas da União (TCU) - UASG 30001
A36: Pregão Eletrônico - PE n.º 408/2019 - Fundação Universidade do Amazonas - UASG 154039

Sheet Uniforme Agente de Portaria
A1: Agente de Portaria 44hrs Semanais - UNIFORME
A2: FEMININO
A3: Item | B3: Descrição | D3: Unidade de Medida | E3: Qtde. Anual (a) | F3: Valor Médio Unitário (R$) (b) | H3: Custo Total (R$) (c = a x b)
A4: 1 | B4: Camisa | D4: Und. | E4: 8 | F4: 15 | H4: =F4*E4 -> 120
A5: =A4+1 -> 2 | B5: Emblema da empresa e do COREN-AM | D5: Und. | E5: 8 | F5: 6.72 | H5: =F5*E5 -> 53.76
A6: =A5+1 -> 3 | B6: Calça | D6: Und. | E6: 4 | F6: 20 | H6: =F6*E6 -> 80
A7: =A6+1 -> 4 | B7: Fiel duplo | D7: Und. | E7: 4 | F7: 9.18 | H7: =F7*E7 -> 36.72
A8: =A7+1 -> 5 | B8: Meias | D8: Par | E8: 4 | F8: 3 | H8: =F8*E8 -> 12
A9: =A8+1 -> 6 | B9: Sapato | D9: Par | E9: 2 | F9: 27 | H9: =F9*E9 -> 54
A10: =A9+1 -> 7 | B10: Cinto | D10: Und. | E10: 2 | F10: 10 | H10: =F10*E10 -> 20
A11: =A10+1 -> 8 | B11: Boné | D11: Und. | E11: 1 | F11: 5 | H11: =F11*E11 -> 5
A12: =A11+1 -> 9 | B12: Capa de chuva | D12: Und. | E12: 1 | F12: 18.2 | H12: =F12*E12 -> 18.2
A13: =A12+1 -> 10 | B13: Crachá | D13: Und. | E13: 1 | F13: 5.34 | H13: =F13*E13 -> 5.34
A14: Custo Global Feminino (R$) (∑ do Custo Total) → | H14: =SUM(H4:I13) -> 405.02
A15: Custo Mensal Feminino (R$) (Custo Global ÷ 12 meses) → | H15: =H14/12 -> 33.751667
A16: MASCULINO
A17: Item | B17: Descrição | D17: Unidade de Medida | E17: Qtde. Anual (a) | F17: Valor Médio Unitário (R$) (b) | H17: Custo Total (R$) (c = a x b)
A18: 1 | B18: Camisa | D18: Und. | E18: 8 | F18: 15 | H18: =F18*E18 -> 120
A19: =A18+1 -> 2 | B19: Emblema da empresa e do COREN-AM | D19: Und. | E19: 8 | F19: 6.72 | H19: =F19*E19 -> 53.76
A20: =A19+1 -> 3 | B20: Calça | D20: Und. | E20: 4 | F20: 20 | H20: =F20*E20 -> 80
A21: =A20+1 -> 4 | B21: Fiel duplo | D21: Und. | E21: 4 | F21: 9.18 | H21: =F21*E21 -> 36.72
A22: =A21+1 -> 5 | B22: Meias | D22: Par | E22: 4 | F22: 3 | H22: =F22*E22 -> 12
A23: =A22+1 -> 6 | B23: Sapato | D23: Par | E23: 2 | F23: 27 | H23: =F23*E23 -> 54
A24: =A23+1 -> 7 | B24: Cinto Masculino | D24: Und. | E24: 2 | F24: 10 | H24: =F24*E24 -> 20
A25: =A24+1 -> 8 | B25: Boné | D25: Und. | E25: 1 | F25: 5 | H25: =F25*E25 -> 5
A26: =A25+1 -> 9 | B26: Capa de chuva | D26: Und. | E26: 1 | F26: 18.2 | H26: =F26*E26 -> 18.2
A27: =A26+1 -> 10 | B27: Crachá | D27: Und. | E27: 1 | F27: 5.34 | H27: =F27*E27 -> 5.34
A28: Custo Global Masculino (R$) (∑ do Custo Total) → | H28: =SUM(H18:I27) -> 405.02
A29: Custo Mensal Masculino (R$) (Custo Global ÷ 12 meses) → | H29: =H28/12 -> 33.751667
A30: Custo Médio Masculino/Feminino (R$) [(Custo Mensal Fem. + Masc.) ÷ 2] → | H30: =(H15+H29)/2 -> 33.751667
A32: FONTE DO VALOR MÉDIO UNITÁRIO
A33: Pregão Eletrônico - PE n.º 005/2020 - Tribunal de Contas da União (TCU) - UASG 30001
A34: Pregão Eletrônico - PE n.º 408/2019 - Fundação Universidade do Amazonas - UASG 154039

Sheet Manut. Depre. Munição Vigilante
A1: Vigilante Patrimonial 12x36 (Diurno/Noturno) - EQUIPAMENTO e MUNIÇÃO
A2: EQUIPAMENTO
A3: Item | B3: Descrição | F3: Unidade de Medida | G3: Quant. Total (a) | H3: Valor Médio Unitário (R$) (b) | J3: Custo Total (R$) (c = a x b)
A4: 1 | B4: Revólver calibre 38 | F4: Uni. | G4: 0.5 | H4: 3168.27 | J4: =G4*H4 -> 1584.135
A5: =A4+1 -> 2 | B5: Coldre de couro axilar | F5: Uni. | G5: 0.5 | H5: 51.39 | J5: =G5*H5 -> 25.695
A6: =A5+1 -> 3 | B6: Baleiro | F6: Uni. | G6: 0.5 | H6: 18.33 | J6: =G6*H6 -> 9.165
A7: =A6+1 -> 4 | B7: Livro de ocorrências | F7: Uni. | G7: 0.5 | H7: 10.5 | J7: =G7*H7 -> 5.25
A8: =A7+1 -> 5 | B8: Lanterna recarregável | F8: Uni. | G8: 0.5 | H8: 47.63 | J8: =G8*H8 -> 23.815
A9: =A8+1 -> 6 | B9: Cassetete | F9: Uni. | G9: 0.5 | H9: 25 | J9: =G9*H9 -> 12.5
A10: =A9+1 -> 7 | B10: Porta Cassetete | F10: Uni. | G10: 0.5 | H10: 5.65 | J10: =G10*H10 -> 2.825
A11: =A10+1 -> 8 | B11: Radio Intercomunicador Completo (com bateria e carregador) | F11: Uni. | G11: 0.5 | H11: 232.5 | J11: =G11*H11 -> 116.25
A12: =A11+1 -> 9 | B12: Apito | F12: Uni. | G12: 1 | H12: 12.65 | J12: =G12*H12 -> 12.65
A13: =A12+1 -> 10 | B13: Colete Balístico nível mínimo de segurança II-A | F13: Uni. | G13: 1 | H13: 998.92 | J13: =G13*H13 -> 998.92
A14: Custo Global (R$) (∑ do Custo Total) → | J14: =SUM(J4:K13) -> 2791.205
A15: Custo Mensal com a Manutenção dos Equipamentos: (k x 83 x V0/VU) → | J15: =0.6*83*J14/10000 -> 13.900201
A16: Custo Mensal com a Depreciação dos Equipamentos: [Valor total dos equipamentos x (1,00-0,20)]/(12x8) → | J16: =J14*(1-0.2)/(12*8) -> 23.260042
A17: Custo Mensal Manut. Depre. dos Equipamentos (R$) (Custo Mensal Manutenção + Depreciação) → | J17: =J15+J16 -> 37.160243
A18: MUNIÇÃO
A19: Item | B19: Descrição | F19: Unidade de Medida | G19: Quant. Total (a) | H19: Valor Médio Unitário (R$) (b) | J19: Custo Total (R$) (c = a x b)
A20: 1 | B20: Munição calibre 38 | F20: Blister c/10 | G20: 0.08333 | H20: 68.33 | J20: =G20*H20 -> 5.6939389
A21: Custo Mensal Manut. Depre. dos Equipamentos e Munição (R$) (Custo Mensal Manutenção + Depreciação + Munição) → | J21: =J17+J20 -> 42.854181
A23: NOTA DA QUANTIDADE TODAL
A24: 1 | B24: Foi considerado que 01 (uma) unidade do equipamento é para 1 (um) posto, logo compartilhada por 02 (dois) vigilantes.
A25: 2 | B25: Foi considerado que 01 (um) blister com 10 (dez) balas é utilizada no período de 12 (doze) meses.
A27: FONTE DO VALOR MÉDIO UNITÁRIO
A28: Pregão Eletrônico - PE n.º 005/2020 - Tribunal de Contas da União (TCU) - UASG 30001
A29: Painel de Preços
A31: NOTA MANUTENÇÃO DOS EQUIPAMENTOS
A32: Valor do insumo Manutenção de Equipamentos foi obtido adotando-se a metodologia das Tabelas de Composições de Preços para Orçamentação, publicação da Editora Pini, para equipamentos de pequeno porte (aproximadamente 1,5HP), com utilização, em média, de 83h/mês, em conjunto com o Manual de Custos Rodoviários do DNIT, Volume 1, de 2003: K = 0,6 (conforme adotado pelo Sicro2 /DNIT – Manual de Custos Rodoviários – Volume 1, página 83); VU = Vida Útil = 10.000 horas V0 = Valor de aquisição do equipamento
A34: NOTA DEPRECIAÇÃO DOS EQUIPAMENTOS
A35: Para o cálculo do insumo Depreciação de Equipamentos, adotou-se vida útil de 8 anos e valor residual de 20%, com base no Manual de Custos Rodoviários do DNIT, volume 1, de 2003.

Sheet Manut. Depre. Agente Portaria
A1: Agente de Portaria 12x36 - EQUIPAMENTO
A2: EQUIPAMENTO
A3: Item | B3: Descrição | F3: Unidade de Medida | G3: Quant. Total (a) | H3: Valor Médio Unitário (R$) (b) | J3: Custo Total (R$) (c = a x b)
A4: 1 | B4: Livro de ocorrências | F4: Uni. | G4: 1 | H4: 10.5 | J4: =G4*H4 -> 10.5
A5: =A4+1 -> 2 | B5: Lanterna recarregável | F5: Uni. | G5: 1 | H5: 47.63 | J5: =G5*H5 -> 47.63
A6: =A5+1 -> 3 | B6: Radio Intercomunicador Completo (com bateria e carregador) | F6: Uni. | G6: 1 | H6: 232.5 | J6: =G6*H6 -> 232.5
A7: =A6+1 -> 4 | B7: Apito | F7: Uni. | G7: 1 | H7: 12.65 | J7: =G7*H7 -> 12.65
A8: Custo Global (R$) (∑ do Custo Total) → | J8: =SUM(J4:K7) -> 303.28
A9: Custo Mensal com a Manutenção dos Equipamentos: (k x 83 x V0/VU) → | J9: =0.6*83*J8/10000 -> 1.5103344
A10: Custo Mensal com a Depreciação dos Equipamentos: [Valor total dos equipamentos x (1,00-0,20)]/(12x8) → | J10: =J8*(1-0.2)/(12*8) -> 2.5273333
A11: Custo Mensal Manut. Depre. dos Equipamentos (R$) (Custo Mensal Manutenção + Depreciação) → | J11: =J9+J10 -> 4.0376677
A13: FONTE DO VALOR MÉDIO UNITÁRIO
A14: Pregão Eletrônico - PE n.º 005/2020 - Tribunal de Contas da União (TCU) - UASG 30001
A15: Painel de Preços
A17: NOTA MANUTENÇÃO DOS EQUIPAMENTOS
A18: Valor do insumo Manutenção de Equipamentos foi obtido adotando-se a metodologia das Tabelas de Composições de Preços para Orçamentação, publicação da Editora Pini, para equipamentos de pequeno porte (aproximadamente 1,5HP), com utilização, em média, de 83h/mês, em conjunto com o Manual de Custos Rodoviários do DNIT, Volume 1, de 2003: K = 0,6 (conforme adotado pelo Sicro2 /DNIT – Manual de Custos Rodoviários – Volume 1, página 83); VU = Vida Útil = 10.000 horas V0 = Valor de aquisição do equipamento
A20: NOTA DEPRECIAÇÃO DOS EQUIPAMENTOS
A21: Para o cálculo do insumo Depreciação de Equipamentos, adotou-se vida útil de 8 anos e valor residual de 20%, com base no Manual de Custos Rodoviários do DNIT, volume 1, de 2003.

Sheet Horas Extras
A1: PREVISÃO DE HORAS EXTRAS
A2: A - ESTIMATIVA DE HORAS EXTRAORDINARIAS ANUAL - SABADO E DIAS ÚTEIS
A3: Categoria Profissional | D3: Qtde. de Profissionais -a | G3: Qtde. de Horas Extras - b | J3: Valor da Hora Extra (R$) - c | L3: Custo (R$) - d = a x b x c
A4: Agente de Portaria | D4: 1 | G4: 40 | J4: ='Ag. Port. Serv. Extraodinário'!D94 -> 15.571354 | L4: =D4*G4*J4 -> 622.85416
A5: TOTAL - A (R$) | L5: =SUM(L4) -> 622.85416
A7: B - ESTIMATIVA DE HORAS EXTRAORDINARIAS ANUAL - DOMINGOS E FERIADOS
A8: Categoria Profissional | D8: Qtde. de Profissionais -a | G8: Qtde. de Horas Extras - b | J8: Valor da Hora Extra (R$) - c | L8: Custo (R$) - d = a x b x c
A9: Agente de Portaria | D9: 1 | G9: 20 | J9: ='Ag. Port. Serv. Extraodinário'!D95 -> 20.761805 | L9: =D9*G9*J9 -> 415.2361
A10: TOTAL - B (R$) | L10: =SUM(L9) -> 415.2361
A11: C - CUSTO ANUAL COM HORAS EXTRAS (A+B) | L11: =L5+L10 -> 1038.0903
A12: D - CUSTO MENSAL COM HORAS EXTRAS (C ÷ 12) | L12: =L11/12 -> 86.507522

Sheet Ag. Port. Serv. Extraodinário
A1: PLANILHA ORÇAMENTÁRIA DE REFERÊNCIA DE FORMAÇÃO DE CUSTO DE SERVIÇO EXTRAODINÁRIO
A2: Tipo de serviço: | B2: Agente de Portaria 44hrs Semanais | G2: OBSERVAÇÃO
A3: CBO: | B3: 5174-15 | G3: REMUNERAÇÃO - Não serão aceitos valores de salário-base menores que os estabelecidos na planilha. Os demais valores são apenas estimativos e devem ser cotados de acordo com a Convenção Coletiva de Trabalho indicada e a legislação pertinente. INSUMOS - Os insumos foram calculados conforme Convenção Coletiva de Trabalho 2020/2021 firmada entre o Sindicato das Empresas de Vigilância, Segurança, Transporte de Valores e Curso de Formação do Estado do Amazonas e Fed Nac de Trabalhadores em Edif e Condominios (Registro no MTE AM000147/2020, Vigência e Data Base - 01/02/2020 a 31/01/2021). LUCRO E DESPESAS INDIRETAS - Valor zero. TRIBUTAÇÃO - A licitante deve elaborar sua proposta e, por conseguinte, sua planilha com base no regime de tributação ao qual estará submetida durante a execução do contrato.
A4: Unidade de medida: | B4: Posto
A5: Quantidade total a contratar (em função da unidade de medida): | B5: 1
A6: Convenção Coletiva de Trabalho/Acordo/ Dissídio Coletivo de Trabalho: | B6: ='Agente de Portaria'!B6:E6 -> CCT 2020/2021 - N.º Registro no MTE: AM000147/2020 - Data de Registro no MTE: 22/04/2020.
A10: MÃO DE OBRA VINCULADA À EXECUÇÃO CONTRATUAL
A11: I - COMPOSIÇÃO DA REMUNERAÇÃO (R$) | E11: FUNDAMENTO/METODOLOGIA | K11: INFORMAÇÕES COMPLEMENTARES
A12: Composição da Remuneração | C12: % | D12: Valor (R$)
A13: Salário Base | C13: - | D13: ='Agente de Portaria'!D13 -> 1139.6 | E13: ='Agente de Portaria'!E13:J13 -> Cláusula Terceira, da CCT com Registro no MTE: AM000147/2020 - Data de Registro no MTE: 22/04/2020.
A14: Outros | D14: =C14*D13/100 -> 0 | E14: -
A15: TOTAL DA REMUNERAÇÃO (R$) | D15: =SUM(D13:D14) -> 1139.6
A17: II - ENCARGOS SOCIAIS INCIDENTES SOBRE A REMUNERAÇÃO (R$) | E17: FUNDAMENTO/METODOLOGIA
A18: GRUPO A - ENCARGOS | C18: % | D18: Valor (R$)
A19: A.01 SEGURIDADE SOCIAL | C19: 20 | D19: =TRUNC($D$15*C19/100,2) -> 227.92 | E19: Art. 2°, § 3º, da Lei 11.457, de 16 de março de 2007.
A20: A.02 FGTS | C20: 8 | D20: =TRUNC($D$15*C20/100,2) -> 91.16 | E20: Art. 15, Lei nº 8.036/90 e Art. 7º, III, CF.
A21: A.03 SESI/SESC | C21: 1.5 | D21: =TRUNC($D$15*C21/100,2) -> 17.09 | E21: Art. 30, Lei 8.036, de 11 de maio de 1990.
A22: A.04 SENAI/SENAC | C22: 1 | D22: =TRUNC($D$15*C22/100,2) -> 11.39 | E22: Art. 1º, caput, Decreto-Lei 6.246, de 1944 (SENAI) e art. 4º, caput do Decreto-Lei 8.621, de 1946. (SENAC).
A23: A.05 INCRA | C23: 0.2 | D23: =TRUNC($D$15*C23/100,2) -> 2.27 | E23: Art. 1°, I, 2 c/c art. 3°, ambos do Decreto-Lei 1.146, de 31 de dezembro de 1970.
A24: A.06 SEBRAE | C24: 0.6 | D24: =TRUNC($D$15*C24/100,2) -> 6.83 | E24: Art. 8º, Lei 8.029, de 12 de abril de 1990.
A25: A.07 Salário Educação | C25: 2.5 | D25: =TRUNC($D$15*C25/100,2) -> 28.49 | E25: Art. 3º, Inciso I, Decreto 87.043, de 22 de março de 1982.
A26: A.08 Riscos Ambientais do Trabalho – RAT x FAP | C26: 6 | D26: =TRUNC($D$15*C26/100,2) -> 68.37 | E26: RAT: 3% (Serviços combinados para apoio a edifícios – código 8111-7/00, do Anexo V do Decreto nº 3.048/1999) X FAP: 2,000 (Padrão);
A27: TOTAL - GRUPO A - ENCARGOS | C27: =SUM(C19:C26) -> 39.8 | D27: =SUM(D19:D26) -> 453.52
A29: GRUPO B | C29: % | D29: Valor (R$) | E29: FUNDAMENTO/METODOLOGIA | K29: INFORMAÇÕES COMPLEMENTARES
A30: B.01 13º Salário | C30: 8.333 | D30: =TRUNC($D$15*C30/100,2) -> 94.96 | E30: [(1/12)x100] = 8,333% - Art. 7º, VIII, CF/88 | K30: B.03 - Redução de 7 dias ou de 2h por dia para 100 % dos empregados. Percentual relativo a contrato de 12 (doze) meses. B.04 - De acordo com dados do MTPS, foram concedidos 1.462.463 benefícios de auxílio doença urbano no ano de 2013 em uma população de contribuintes para o INSS de 54.796.761 pessoas (http://www.mtps.gov.br/dados-abertos/dados-da-previdencia/previdencia-social-e- INSS/boletim-estatístico-da-previdência-social-beps). B.05 - Estimativa de 1 licença de 15 dias por ano para 1,22% dos empregados. Esta taxa foi obtida pela proporção de acidentes de trabalho registrados, 717.911, conforme dados do Anuário Estatístico da Previdência Social – AEPS/2013, em relação a 58.981.000 de trabalhadores que fazem jus a emissão da CAT (trabalhadores com carteira assinada, outros tipos de trabalhadores e domésticas), conforme dados da PNAD 2013. B.06 - Estimativa de 1,4947 ausências por ano, de acordo com a IN 2/2008-MPOG. B.07 - Estimativa de 1,416% (taxa de natalidade da população brasileira/IBGE) de empregadas usufruindo 4 meses de licença por ano. B.08 - Estimativa de 1,416% (taxa de natalidade da população brasileira/IBGE) dos empregados usufruindo 5 dias da licença por ano.
A31: B.02 Férias (sem o abono de 1/3) | C31: 8.333 | D31: =TRUNC($D$15*C31/100,2) -> 94.96 | E31: [(1/12]x100] = 8,333% - Art. 7º, XVII, CF/88
A32: B.03 Aviso Prévio Trabalhado | C32: 1.944 | D32: =TRUNC($D$15*C32/100,2) -> 22.15 | E32: [(100% / 30) x 7] / 12 = 1,944% - Art. 7º, XXI, CF/88, 477, 487 e ss. da CLT
A33: B.04 Auxílio Doença | C33: 0.222 | D33: =TRUNC($D$15*C33/100,2) -> 2.52 | E33: (Benefícios de auxílio doença urbano/ População Economicamente Ativa Ocupada) / 12 = 0,222% - Art. 59 e ss. Da Lei nº 8.213/91
A34: B.05 Acidente de Trabalho | C34: 0.051 | D34: =TRUNC($D$15*C34/100,2) -> 0.58 | E34: {[(100% /30) x 15] / 12} x (nºCAT/População INSS CAT) = 0,051% - Art. 19 a 23 da Lei nº 8.213/91
A35: B.06 Faltas Legais | C35: 0.415 | D35: =TRUNC($D$15*C35/100,2) -> 4.72 | E35: [(100% / 30) x 1,4947] / 12 = 0,415% - Art. 473 da CLT
A36: B.07 Férias sobre Licença Maternidade | C36: 0.039 | D36: =TRUNC($D$15*C36/100,2) -> 0.44 | E36: [(8,333% x 1,416% x 4/12) x 100] = 0,039% - Impacto do item férias sobre a licença maternidade
A37: B.08 Licença Paternidade | C37: 0.02 | D37: =TRUNC($D$15*C37/100,2) -> 0.22 | E37: {[(100% /30) x 5] / 12} x 1,416% = 0,020% - Art. 7º, XIX, CF/88 e 10, §1º, da ADCT
A38: TOTAL - GRUPO B | C38: =SUM(C30:C37) -> 19.357 | D38: =SUM(D30:D37) -> 220.55
A40: GRUPO C | C40: % | D40: Valor (R$) | E40: FUNDAMENTO/METODOLOGIA | K40: INFORMAÇÕES COMPLEMENTARES
A41: C.01 Aviso Prévio Indenizado | C41: 0.417 | D41: =TRUNC($D$15*C41/100,2) -> 4.75 | E41: {[0,05x(1/12)]x100} = 0,417% - Art. 7º, XXI, CF/88, 477, 487 e ss. CLT | K41: C.01 - Estimativa de que 5% (cinco por cento) dos empregados serão substituídos durante um ano. C.02 - Estimativa de que 3,4275% dos empregados receberão indenização de acordo com a média nacional de 12 meses (abril 2015 - março 2016) da Taxa de Rotatividade por Nível Geográfico - M.T.E./CAGED. C.03 - Multa de 40% do FGTS em relação aos trabalhadores contratados. Obs.: Esta extinguida a cobrança da contribuição social de 10% devida pelos empregadores em caso de despedida sem justa causa, conforme Lei Federal n.º 13.932/2019.
A42: C.02 Indenização Adicional | C42: 0.286 | D42: =TRUNC($D$15*C42/100,2) -> 3.25 | E42: [1/12 x 3,4275%] = 0,286% - Art. 9º da Lei nº 7.238, de 1984
A43: C.03 Indenização (rescisão sem justa causa – multa de 40% do FGTS) | C43: 3.2 | D43: =TRUNC($D$15*C43/100,2) -> 36.46 | E43: (1x0,40x0,08x100) = 3,200% - Art. 18, §1º da Lei 8.036/90
A44: C.04 Abono de Férias - 1/3 constitucional | C44: 2.778 | D44: =TRUNC($D$15*C44/100,2) -> 31.65 | E44: [(1/3)/12x100] = 2,778% - Art. 7º, XVII, CF/88
A45: C.05 Abono de Férias - 1/3 constitucional sobre licença maternidade | C45: 0.013 | D45: =TRUNC($D$15*C45/100,2) -> 0.14 | E45: {[(1/3)/12]x0,02x(4/12) x100]} = 0,013% - Art. 7º, XVII, CF/88
A46: TOTAL - GRUPO C | C46: =SUM(C41:C45) -> 6.694 | D46: =SUM(D41:D45) -> 76.25
A48: GRUPO D | C48: % | D48: Valor (R$) | E48: FUNDAMENTO/METODOLOGIA
A49: D.01 Incidência dos encargos do grupo A sobre o grupo B | C49: =ROUND((C27/100)*(C38/100)*100,3) -> 7.704 | D49: =TRUNC($D$15*C49/100,2) -> 87.79 | E49: D.01 = 0,3980 x 0,19357 x 100 = 7,704%
A50: TOTAL - GRUPO D | C50: =SUM(C49) -> 7.704 | D50: =SUM(D49) -> 87.79
A52: GRUPO E | C52: % | D52: Valor (R$) | E52: FUNDAMENTO/METODOLOGIA | K52: INFORMAÇÕES COMPLEMENTARES
A53: E.01 Incidência do FGTS sobre o aviso prévio indenizado | C53: 0.033 | D53: =TRUNC($D$15*C53/100,2) -> 0.37 | E53: A.02 x C.01 = (0,08x0,00417)x100 0,033% - Súmula nº 305 do TST | K53: E.02 - Estimativa de que 8% (oito por cento) dos empregados sofrem acidentes durante o ano, com ausência média de 30 dias durante o ano. O percentual do FGTS (8%) será aplicado somente sobre os 15 dias restantes do afastamento, porque os 15 primeiros dias já foram calculados no item B.05.
A54: E.02 Incidência do FGTS sobre o período médio de afastamento superior a 15 dias motivado por acidente do trabalho | C54: 0.004 | D54: =TRUNC($D$15*C54/100,2) -> 0.04 | E54: A.02 x B.05 (0,08x0,0051)x100 0,004% - Lei 8.036, de 1990, art. 15, §5º
A55: E.03 Incidência de FGTS sobre férias 1/3 constitucional | C55: 0.222 | D55: =TRUNC($D$15*C55/100,2) -> 2.52 | E55: A.02 x C.04 (0,08x0,02778)x100 0,222% - Lei 8.036, de 1990, art. 15, §5º
A56: TOTAL - GRUPO E | C56: =SUM(C53:C55) -> 0.259 | D56: =SUM(D53:D55) -> 2.93
A58: GRUPO F | C58: % | D58: Valor (R$) | E58: FUNDAMENTO/METODOLOGIA
A59: F.01 Incidência dos encargos do Grupo A sobre os valores constantes da base de cálculo referente ao salário maternidade | C59: =ROUND((C27/100)*(4/12)*(2/100)*100,3) -> 0.265 | D59: =TRUNC($D$15*C59/100,2) -> 3.01 | E59: F.01 = (Encargos Grupo A) x (Remuneração) x 4/12 x 2%, em que: Encargos do Grupo A = 0,3980; 4/12 = período de 4 meses de licença em um ano; 2% = Estimativa de que 2% dos empregados usufruirão da licença maternidade de 4 meses em um ano. F.01 = 0,39800x(4/12)x(2/100)x100 = 0,265%
A60: TOTAL - GRUPO F | C60: =SUM(C59) -> 0.265 | D60: =SUM(D59) -> 3.01
A61: TOTAL - ENCARGOS SOCIAIS (R$) | C61: =C27+C38+C46+C50+C56+C60 -> 74.079 | D61: =D27+D38+D46+D50+D56+D60 -> 844.05
A63: VALOR TOTAL DE REMUNERAÇÃO + ENCARGOS SOCIAIS (R$) | D63: =D15+D61 -> 1983.65
A65: III - INSUMOS | E65: FUNDAMENTO/METODOLOGIA | K65: INFORMAÇÕES COMPLEMENTARES
A66: Insumos | D66: Valor (R$)
A67: Vale Refeição | D67: =19*4 -> 76 | E67: Vale refeição: O valor do vale refeição foi calculado de acordo com a convenção coletiva de trabalho firmada entre os sindicatos das categorias profissionais e econômicas envolvidas na prestação dos serviços ora licitados. Vale refeição = valor diário x 4 Onde: O valor diário é R$ 19,00, conforme Cláusula Nona, da CCT com Registro no MTE: AM000147/2020 - Data de Registro no MTE: 22/04/2020. O 4 é o número médio de dias efetivamente trabalhado pelos empregados no mês.
A68: Desconto sobre o vale refeição (máximo 5% do vale refeição) | D68: =(D67*5%)*-1 -> -3.8 | E68: Dedução legal do vale refeição: O valor da dedução do vale refeição está de acordo com a Cláusula Nona, da CCT com Registro no MTE: AM000147/2020 - Data de Registro no MTE: 22/04/2020. (desconto máximo de 5% do Vale Refeição).
A69: Vale transporte | D69: =3.8*2*4 -> 30.4 | E69: O vale transporte foi baseado no preço da passagem praticada na cidade de Manaus-AM (R$ 3,80), considerando o trajeto de ida e volta residência/Coren-AM. Vale transporte = VTx2x4
A70: TOTAL - INSUMOS (R$) | D70: =SUM(D67:D69) -> 102.6
A72: TOTAL DE REMUNERAÇÃO + ENCARGOS SOCIAIS + INSUMOS (R$) | D72: =D63+D70 -> 2086.25
A74: IV - LDI E TRIBUTAÇÃO | E74: FUNDAMENTO/METODOLOGIA | K74: INFORMAÇÕES COMPLEMENTARES
A75: LUCRO E DESPESAS INDIRETAS (LDI) | C75: % | D75: Valor (R$)
A76: Despesas Administrativas/Operacionais | C76: 0 | D76: =$D$72*C76% -> 0 | E76: -
A77: Lucro | C77: 0 | D77: =(D72+D76)*C77% -> 0
A78: TOTAL - LUCRO E DESPESAS INDIRETAS | C78: =SUM(C76:C77) -> 0 | D78: =SUM(D76:D77) -> 0
A80: TOTAL DE REMUNERAÇÃO + ENCARGOS SOCIAIS + INSUMOS + LDI (R$) | D80: =D72+D78 -> 2086.25
A82: BASE DE CÁLCULO PARA TRIBUTO | C82: =(-1+(SUM(C85:C87)/100))*(-1) -> 0.9135 | D82: =D80/C82 -> 2283.7986
A84: TRIBUTAÇÃO SOBRE FATURAMENTO | C84: % | D84: Valor (R$) | E84: FUNDAMENTO/METODOLOGIA | K84: INFORMAÇÕES COMPLEMENTARES
A85: ISS | C85: 5 | D85: =$D$82*C85% -> 114.18993 | E85: Os tributos (ISS, COFINS e PIS) foram definidos utilizando o regime de tributação de Lucro PRESUMIDO.
A86: COFINS | C86: 3 | D86: =$D$82*C86% -> 68.513957
A87: PIS | C87: 0.65 | D87: =$D$82*C87% -> 14.844691
A88: TOTAL - TRIBUTAÇÃO SOBRE FATURAMENTO | C88: =SUM(C85:C87) -> 8.65 | D88: =SUM(D85:D87) -> 197.54858
A90: PREÇO MENSAL PARA 1 (UM) EMPREGADO (R$) | D90: =D80+D88 -> 2283.7986
A92: VALORES - SERVIÇO EXTRAORDINÁRIO
A93: PREÇO HOMEM HORA DE 1 (UM) EMPREGADO (R$) | D93: =D90/220 -> 10.380903
A94: HOMEM-HORA A 50% (R$) | D94: =(D93*50%)+D93 -> 15.571354
A95: HOMEM-HORA A 100% (R$) | D95: =(D93*100%)+D93 -> 20.761805
